 Dungeon Crawl Stone Soup version 0.23-a0-644-gb60d84b (webtiles) character file.

24 Borgoz the Sneak (level 3, -5/22 HPs)
             Began as a Kobold Assassin on Jan 2, 2019.
             Slain by a worm (7 damage)
             ... on level 2 of the Dungeon.
             The game lasted 00:02:19 (820 turns).

Borgoz the Sneak (Kobold Assassin)                   Turns: 820, Time: 00:02:20

Health: -5/22      AC:  3    Str:  9    XL:     3   Next: 15%
Magic:  3/3        EV: 15    Int: 12    God:
Gold:   77         SH:  0    Dex: 16    Spells: 2/2 levels left

rFire    . . .     SeeInvis .   a - +2 short sword (holy)
rCold    . . .     Gourm    .   (shield restricted)
rNeg     . . .     Faith    .   c - +0 robe
rPois    .         Spirit   .   (no helmet)
rElec    .         Reflect  .   d - +0 cloak
rCorr    .         Harm     .   (no gloves)
MR       .....                  (no boots)
Stlth    +++.......             (no amulet)
HPRegen  0.07/turn              (no ring)
MPRegen  0.08/turn              (no ring)

@: no status effects
A: small, carnivore
a: no special abilities


You were on level 2 of the Dungeon.
You were completely stuffed.

You visited 1 branch of the dungeon, and saw 2 of its levels.

You collected 77 gold pieces.

Inventory:

Hand Weapons
 a - a +2 short sword of holy wrath (weapon)
 b - a +0 blowgun
Missiles
 e - 16 poisoned needles
 f - 2 curare-tipped needles
Armour
 c - a +0 robe (worn)
 d - a +0 cloak (worn)
Jewellery
 i - an uncursed ring of wizardry {unknown}
Scrolls
 j - a scroll of random uselessness {unknown}
Potions
 h - a potion of invisibility {unknown}
Comestibles
 g - 3 rations


   Skills:
 + Level 2.5 Fighting
 + Level 3.1 Short Blades
 + Level 2.5 Throwing
 + Level 1.8 Dodging
 + Level 5.7 Stealth


You had 2 spell levels left.
You didn't know any spells.
Your spell library was empty.

Dungeon Overview and Level Annotations

Branches:
Dungeon (2/15)

Altars:


Innate Abilities, Weirdness & Mutations

You are small and have problems with some larger weapons.
You are carnivorous and can eat meat at any time.


Message History

The hobgoblin barely misses you.
You closely miss the hobgoblin.
The hobgoblin is severely wounded.
The hobgoblin hits you but does no damage.
The worm misses you.
You hit the hobgoblin.
You kill the hobgoblin!
The quokka closely misses you. x2; The worm bites you.
You hit the quokka but do no damage. The quokka misses you.
You hit the quokka.
The quokka is severely wounded.
The quokka misses you. The worm bites you!
Ouch! That really hurt!
* * * LOW HITPOINT WARNING * * *
The quokka barely misses you.
You hit the quokka.
You kill the quokka!
You see here a quokka corpse.
You butcher the quokka corpse.
The worm bites you!
You die...

####.>.............
#...............
#.#....###...#..
####.#...####......
#..................
......#.)..............
.....#.......##...#.#.
...?.......###...## # .
............(...@##.#...
................w.......
.......[.........†...###
.#.....#..............#
..................r...
................
..........#...##
#.#.....#..#..#
..#.##......>...


You could see a worm and a rat.

Vanquished Creatures
  A dart slug (D:1)
  A leopard gecko (D:1)
  A giant cockroach (D:1)
  3 goblins
  4 hobgoblins
  A quokka (D:2)
  4 bats (D:1)
  2 frilled lizards (D:1)
  2 kobolds
  2 rats (D:1)
21 creatures vanquished.

Notes
Turn   | Place    | Note
-------+----------+-------------------------------------------
     0 | D:1      | Borgoz the Kobold Assassin began the quest for the Orb.
     0 | D:1      | Reached XP level 1. HP: 12/12 MP: 1/1
   163 | D:1      | Reached XP level 2. HP: 13/17 MP: 2/2
   688 | D:1      | Reached XP level 3. HP: 22/22 MP: 3/3
   820 | D:2      | Slain by a worm

Vault maps used:
D:1:      psy_arrival_dodecagon, minmay_crystal_water

Skill      XL: |  1  2 |
---------------+-------+-----
Short Blades   | 3 |  3.1
Fighting       | |  2.5
Throwing       | |  2.5
Dodging        | |  1.8
Stealth        | |  5.7

Action                   || total
-------------------------++-------
Melee: Dagger            ||    32
       Short sword       ||    37
 Stab: Sleeping          ||     6
  Eat: Chunk             ||     8
Armor: Robe              ||    18
Dodge: Dodged            ||    73

Table legend:
 A = Non-vault XP
 B = Vault XP
 C = Vault XP percentage of total XP
 D = Non-vault monster count
 E = Vault monster count
 F = Vault count percentage of total count
                 A         B        C        D         E       F
            +---------+---------+-------+---------+---------+-------
      Total |      35 |       0 |   0.0 |      21 |       0 |   0.0
            +---------+---------+-------+---------+---------+-------
        D:1 |      29 |       0 |   0.0 |      17 |       0 |   0.0
        D:2 |       6 |       0 |   0.0 |       4 |       0 |   0.0
            +---------+---------+-------+---------+---------+-------
